Map: Deathaura LE

Players

LightWisdom

  • Race: Protoss Protoss
  • Spawn Location: 11:00

A.I. 1 (Elite) - Winner!

  • Race: Protoss Protoss
  • Spawn Location: 5:00

VOD

Have the link to the VOD?

Description

Time

  • Played on: June 19, 2020, 3:23 a.m.
  • Length: 15:06
Show
View Real Time Build Order
Export as new Build Order

LightWisdom Protoss 

Build Orders: Blink Stalkers 

Get SALT Encoding   

  12  0:01  Probe  
  13  0:13  Probe  
  14  0:18  Pylon  
  14  0:25  Probe  
  15  0:37  Gateway  
  15  0:38  Probe  
  16  0:46  Assimilator  
  16  0:50  Probe  
  17  1:25  Cybernetics Core  
  17  1:27  Probe  
  17  1:32  Assimilator  
  18  1:39  Probe  
  19  1:51  Warp Gate  
  19  2:02  Stalker  
  21  2:15  Probe  
  22  2:19  Twilight Council  
  22  2:23  Pylon  
  22  2:33  Gateway  
  22  2:34  Stalker  
  22  2:35  Blink  
  24  3:16  Stalker  
  26  3:20  Gateway  
  26  3:32  Pylon  
  26  3:44  Stalker  
  28  3:50  Pylon  
  28  3:59  Stalker  
  26  4:08  Stalker  
  26  4:18  Stalker  
  28  4:25  Stalker  
  28  4:36  Stalker  
  30  4:45  Stalker  
  32  4:52  Stalker  
  34  5:03  Stalker  
  36  5:13  Stalker  
  36  5:36  Stalker x3  
  20  6:42  Stalker x2  
  20  6:43  Stalker  
  26  7:00  Probe  
  27  7:03  Nexus  
  27  7:06  Pylon  
  27  7:10  Pylon  
  27  7:12  Stalker x3, Probe  
  34  7:24  Probe  
  35  7:36  Stalker  
  37  7:37  Stalker x2  
  41  7:47  Probe  
  42  7:59  Probe  
  43  8:08  Stalker x3  
  49  8:16  Probe  
  49  8:17  Probe  
  51  8:29  Probe x2  
  51  8:32  Stalker x3  
  59  8:43  Probe  
  59  8:45  Probe  
  59  8:46  Robotics Facility  
  61  8:56  Probe  
  61  8:57  Probe  
  63  9:08  Probe  
  63  9:09  Probe  
  65  9:20  Probe  
  65  9:21  Probe  
  67  9:24  Warp Prism  
  63  9:40  Assimilator  
  63  9:42  Assimilator  
  63  9:48  Probe x2  
  65  9:57  Shield Battery  
  65  10:00  Probe  
  66  10:11  Pylon, Stalker x3, Nexus  
  72  10:18  Probe x2  
  74  10:29  Pylon  
  74  10:31  Pylon x2  
  74  10:32  Pylon  
  74  10:34  Gateway x2  
  74  11:03  Probe x2  
  76  11:17  Stalker  
  76  11:18  Stalker x2  
  30  12:23  Adept  
  30  12:24  Adept x4  
  30  12:49  Probe x2  
  32  12:55  Stalker x4  
  27  13:06  Stalker x3  
  18  13:41  Zealot  
  18  13:42  Zealot x3  
Show
View Real Time Build Order
Export as new Build Order

A.I. 1 (Elite) Protoss - Winner!

Build Orders: Mass Adepts 

Get SALT Encoding   

  12  0:00  Probe  
  13  0:13  Probe  
  14  0:20  Pylon  
  14  0:25  Probe  
  15  0:34  Probe  
  15  0:42  Probe  
  16  0:48  Assimilator  
  17  0:51  Gateway  
  17  0:52  Probe  
  18  0:59  Pylon  
  18  1:00  Probe  
  19  1:08  Probe  
  20  1:18  Probe  
  21  1:37  Probe, Gateway  
  21  1:38  Zealot  
  24  1:43  Cybernetics Core  
  24  1:47  Pylon  
  24  1:49  Probe  
  25  1:59  Probe  
  25  2:05  Zealot  
  28  2:13  Gateway  
  28  2:19  Warp Gate  
  28  2:24  Adept  
  30  2:30  Pylon  
  30  2:32  Adept, Probe  
  33  2:44  Probe  
  34  2:54  Adept x2  
  34  2:56  Probe  
  36  3:02  Adept, Pylon  
  40  3:08  Assimilator, Probe  
  41  3:20  Adept  
  41  3:24  Adept  
  45  3:30  Pylon  
  45  3:32  Adept, Probe  
  48  3:42  Gateway  
  48  3:50  Adept  
  48  3:54  Adept  
  50  3:56  Adept  
  44  4:28  Adept  
  42  4:31  Zealot  
  42  4:33  Adept  
  42  4:36  Zealot  
  48  4:48  Stalker  
  48  4:51  Adept  
  52  4:53  Adept  
  52  4:56  Stalker  
  55  5:11  Zealot  
  55  5:12  Stalker  
  55  5:13  Stalker  
  61  5:19  Zealot  
  63  5:23  Pylon  
  63  5:27  Probe  
  63  5:29  Zealot  
  63  5:39  Robotics Facility  
  63  5:42  Adept  
  65  5:54  Twilight Council  
  65  6:14  Pylon  
  55  6:30  Stalker x2  
  59  6:37  Sentry  
  61  6:46  Stalker  
  63  6:51  Nexus  
  63  6:58  Stalker  
  65  7:06  Stalker  
  67  7:16  Pylon  
  67  7:19  Observer  
  68  7:24  Stalker, Sentry  
  72  7:59  Probe  
  72  8:03  Probe  
  74  8:13  Pylon  
  74  8:23  Pylon, Probe  
  74  8:24  Probe  
  76  8:32  Probe  
  76  8:36  Probe  
  76  8:40  Templar Archives  
  78  8:42  Probe  
  78  8:45  Forge  
  78  8:48  Probe  
  80  8:54  Probe  
  81  9:00  Probe  
  81  9:02  Probe  
  82  9:04  Forge  
  82  9:09  Protoss Ground Weapons Level 1, Nexus  
  83  9:12  Probe  
  84  9:18  High Templar  
  84  9:19  High Templar  
  88  9:26  Zealot  
  86  9:32  Stalker  
  86  9:33  Archon  
  88  9:46  Assimilator  
  88  9:51  Assimilator  
  88  9:54  High Templar  
  90  10:08  Probe  
  90  10:13  Probe  
  92  10:18  High Templar  
  92  10:20  Probe  
  92  10:21  Probe  
  96  10:22  Stalker  
  96  10:25  Probe  
  96  10:27  Stalker  
  101  10:29  Probe  
  101  10:30  Archon  
  101  10:32  Assimilator  
  101  10:33  Probe  
  101  10:35  Assimilator  
  103  10:37  Probe x2  
  103  10:42  High Templar  
  107  10:45  Probe  
  107  10:47  Probe  
  109  10:52  Probe  
  109  10:56  High Templar  
  112  10:57  Probe  
  112  10:59  Probe  
  112  11:00  Stalker  
  112  11:03  Stalker  
  112  11:04  Probe  
  119  11:05  Pylon  
  119  11:08  Probe  
  119  11:09  Probe  
  119  11:11  Immortal  
  125  11:16  Probe x2  
  126  11:18  Probe  
  128  11:26  Probe  
  128  11:27  Probe  
  128  11:28  Probe  
  128  11:29  Pylon  
  131  11:34  Stalker  
  131  11:36  Stalker  
  133  11:45  Probe  
  133  11:47  Stalker, Probe x2  
  133  11:48  Pylon  
  133  11:49  Immortal  
  133  11:50  Pylon  
  134  11:54  Zealot  
  134  11:56  Probe  
  134  11:57  Zealot  
  134  11:59  Probe, Sentry  
  134  12:00  Probe  
  133  12:07  Probe  
  128  12:10  Zealot  
  128  12:12  Blink  
  128  12:14  Sentry, Forge  
  132  12:19  Immortal  
  132  12:21  Pylon, Nexus  
  132  12:29  Protoss Ground Armor Level 1  
  136  12:30  Psionic Storm  
  136  12:33  Forge  
  136  12:39  Pylon  
  136  12:46  Stalker  
  136  12:49  Photon Cannon  
  138  12:55  Photon Cannon  
  138  12:58  Immortal  
  138  13:01  Robotics Bay  
  142  13:07  Photon Cannon  
  142  13:10  Photon Cannon  
  142  13:12  Pylon  
  142  13:19  Robotics Facility, Zealot  
  144  13:21  Adept  
  142  13:34  Probe  
  142  13:38  Observer, Gateway  
  142  13:40  Photon Cannon x2  
  142  13:43  Pylon  
  142  13:45  Zealot  
  144  13:52  Colossus  
  144  13:55  Zealot  
  146  13:56  Adept  
  146  14:01  Stargate  
  154  14:06  Observer, Nexus  
  155  14:26  Photon Cannon  
  155  14:29  Gateway  
  159  14:31  Pylon  
  159  14:34  Photon Cannon  
  159  14:39  Photon Cannon  
  159  14:42  Photon Cannon  
  159  14:45  Photon Cannon  
  159  14:50  Robotics Facility  
  161  15:03  Sentry  
Tags
 
Add a new tag
Caveats
  • Supply blocks, unpowered buildings, or Contaminate may cause inaccurate times.
  • Supply counts are checked every 10 seconds.